[Event "*** Titled Tuesday Blitz"]
[Site "Chess.com"]
[Date "2021.04.20"]
[Round "3"]
[White "Andrakhanova"]
[Black "Vesper2018"]
[Result "0-1"]
[WhiteElo "2314"]
[BlackElo "2535"]
[TimeControl "180+1"]
[EndTime "10:27:55 PDT"]
[Termination "Vesper2018 won by checkmate"]

1. c4 e5 2. Nc3 d6 3. g3 Nc6 4. Bg2 g6 5. e3 Bg7 6. b3 f5 7. Nge2 Nf6 8. Bb2 O-O 9. O-O e4 10. d3 exd3 11. Qxd3 Be6 12. Rad1 Ne4 13. Ba1 Nc5 14. Qb1 a5 15. Nd4 Bd7 16. Nd5 Ne5 17.
h3 c6 18. Nf4 Qe7 19. Rd2 Rad8 20. Rfd1 g5 21. Nfe2 Ne4 22. Rc2 Rde8 23. Nf3 Nxf3+ 24. Bxf3 Bxa1 25. Qxa1 Nxf2 26. Kxf2 Qxe3+ 27. Kg2 g4 28. Ng1 gxf3+ 29. Nxf3 f4 30. g4 Qe4 31. Qb2 c5 32. Re1 Qg6 33. Nh2 Bc6+ 34. Kf2 f3 35.
Rc3 Re2+ 36. Rxe2 fxe2+ 37. Ke1 Qe4 38. Qxe2 Qh1+ 39. Kd2 Re8 40. Re3 Rxe3 41. Kxe3 Qg1+ 42. Kd2 Qa1 43. Ke3 Qd4# 0-1

[Event "*** Titled Tuesday Blitz"]
[Site "Chess.com"]
[Date "2021.04.20"]
[Round "3"]
[White "Arystanner"]
[Black "Grandmaster1369"]
[Result "1-0"]
[WhiteElo "2815"]
[BlackElo "2620"]
[TimeControl "180+1"]
[EndTime "10:27:56 PDT"]
[Termination "Arystanner won by checkmate"]

1. e4 c5 2. Nf3 d6 3. d4 cxd4 4.
Nxd4 Nf6 5. Nc3 a6 6. Rg1 e5 7. Nb3 h6 8. g4 b5 9. h4 Bb7 10. g5 hxg5 11. hxg5 Nh5 12. g6 f6 13. a4 b4 14. Nd5 Nc6 15. Rh1 Ne7 16. Rxh5 Rxh5 17.
Qxh5 Nxd5 18. exd5 Bxd5 19. Be3 Qc7 20. Qd1 Be4 21. Bd3 Bb7 22. Qd2 d5 23. O-O-O d4 24. Nxd4 exd4 25. Bxd4 O-O-O 26. Qe2 Bc5 27. Bxc5 Qxc5 28.
Kb1 Kb8 29. Re1 b3 30. cxb3 Bc8 31. Bc4 Qb4 32. Ka2 Rd2 33. Qe3 f5 34. Qf4+ Qd6 35. Qxd6+ Rxd6 36. Bf7 Rd2 37. Re8 Rxf2 38. Be6 Re2 39.
Rxc8+ Kb7 40. Bxf5 Re5 41. Rf8 Kc7 42. Rf7+ Kb6 43.
Bd3 Ka5 44. Bc4 Kb4 45. Rxg7 Rc5 46. Rb7+ Ka5 47. b4+ Kxa4 48. Bb3# 1-0

[Event "*** Titled Tuesday Blitz"]
[Site "Chess.com"]
[Date "2021.04.20"]
[Round "3"]
[White "Rodalquilar"]
[Black "BanjoKazooieN64"]
[Result "1-0"]
[WhiteElo "2712"]
[BlackElo "2438"]
[TimeControl "180+1"]
[EndTime "10:27:56 PDT"]
[Termination "Rodalquilar won on time"]

1. d4 e6 2. Bf4 f5 3. e3 Nf6 4. c4 Bb4+ 5. Nc3 O-O 6. Bd3 b6 7. Ne2 Bb7 8. f3 Nh5 9. Bg3 c5 10. Bd6 Re8 11. a3 Bxc3+ 12. Nxc3 f4 13. Qc2 Qh4+ 14. g3 fxg3 15. O-O-O g2 16. Qxg2 cxd4 17. exd4 Nf4 18. Bxf4 Qxf4+ 19. Kb1 Qxf3 20. Qc2 Qh5 21. Rhg1 Nc6 22. Ne4 Rf8 23. d5 Nd4 24. Qc3 e5 25. Rg5 Qxd1+ 26. Ka2 Rf3 27. Nf2 Rxf2 28. Bxh7+ Kxh7 29. Qh3+ Kg8 30. Rxg7+ Kxg7 31. Qg3+ Kf7 32. Qxf2+ Qf3 33.
Qh4 Qb3+ 34. Ka1 Qd1+ 35. Ka2 Qb3+ 36. Ka1 Rg8 37. Qh7+ Rg7 38. Qh5+ Ke7 39. Qh4+ Kd6 40. Qf6+ Ne6 41. Qf2 1-0

[Event "*** Titled Tuesday Blitz"]
[Site "Chess.com"]
[Date "2021.04.20"]
[Round "3"]
[White "LenkaPtacnikova"]
[Black "Politov_Pavel"]
[Result "0-1"]
[WhiteElo "2171"]
[BlackElo "2357"]
[TimeControl "180+1"]
[EndTime "10:27:56 PDT"]
[Termination "Politov_Pavel won by checkmate"]

1. c4 c5 2. g3 Nc6 3. Bg2 Nf6 4. Nf3 e6 5. d4 d5 6. O-O dxc4 7. dxc5 Bxc5 8. Qa4 Qb6 9. Ne5 O-O 10. Nxc6 bxc6 11.
Qxc4 Ba6 12. Qc2 Nd5 13. a3 Rac8 14. e4 Bxf1 15. Bxf1 Nf6 16. Nc3 Bd4 17. Na4 Qc7 18. Bf4 e5 19. Bd2 Rfd8 20. h3 Nh5 21. Kg2 Qe7 22. Rc1 c5 23. Bc4 Qf6 24. Ba5 Rd7 25.
Nc3 Qg5 26. Nd5 Nf4+ 27. Kh2 Ne6 28. Bb5 Rb7 29. Ba6 Rbb8 30. Bxc8 Rxc8 31. h4 Qh6 32. Ne7+ Kh8 33. Nxc8 g5 34. Qe2 gxh4 35. g4 Qf4+ 36. Kg2 h3+ 37. Kxh3 Ng5+ 38. Kg2 Nxe4 39. Qf3 Qxc1 40. Qxf7 Qf4 41. Qe8+ Kg7 42. Qe7+ Kg6 43. Qe6+ Nf6 44. Bd8 Qxf2+ 45. Kh3 Qf1+ 46. Kh4 Qh1+ 47.
Kg3 Qg1+ 48. Kf3 Qf2# 0-1

[Event "*** Titled Tuesday Blitz"]
[Site "Chess.com"]
[Date "2021.04.20"]
[Round "3"]
[White "MarcoRiehle"]
[Black "mr_gustavo"]
[Result "1-0"]
[WhiteElo "2709"]
[BlackElo "2404"]
[TimeControl "180+1"]
[EndTime "10:27:57 PDT"]
[Termination "MarcoRiehle won by checkmate"]

1. e4 e6 2. c4 d5 3. cxd5 exd5 4. Qb3 dxe4 5. Bc4 Qd7 6. Nh3 Nc6 7. Ng5 Ne5 8. d3 Nxc4 9. Qxc4 Nf6 10. O-O h6 11.
Nxe4 Nxe4 12. Qxe4+ Be7 13. Re1 Qe6 14. Qa4+ Bd7 15. Qa5 Qd6 16. Nc3 O-O 17. Bf4 Qxf4 18. Rxe7 Rad8 19. Qxa7 Bc6 20. Qe3 Qb4 21. Re1 Qxb2 22.
d4 Rfe8 23. Re5 Rxe5 24. dxe5 Qd2 25. h3 Qxe3 26. Rxe3 Rd2 27. g4 Kf8 28. a3 Ke7 29.
Ne2 g5 30. Kh2 Ke6 31. Kg3 Bb5 32. Nc3 Bc6 33. Ne2 Bb5 34. Nc3 Bc6 35. f3 Rc2 36. Ne2 Rd2 37. f4 f6 38. f5+ Ke7 39. exf6+ Kxf6 40.
h4 gxh4+ 41. Kxh4 Rd1 42. Ng3 Rd2 43. Nh5+ Kf7 44. f6 Rh2+ 45. Kg3 Rg2+ 46. Kh3 Rf2 47. Re7+ Kf8 48. Rxc7 Rf3+ 49. Kh4 Rxa3 50. Nf4 Ra8 51. Ne6+ Ke8 52. Re7# 1-0

[Event "*** Titled Tuesday Blitz"]
[Site "Chess.com"]
[Date "2021.04.20"]
[Round "3"]
[White "abhidabhi"]
[Black "IANOV0007"]
[Result "1-0"]
[WhiteElo "2817"]
[BlackElo "2455"]
[TimeControl "180+1"]
[EndTime "10:27:57 PDT"]
[Termination "abhidabhi won by resignation"]

1. e4 d6 2. d4 Nf6 3. Nc3 c6 4. Nf3 Bg4 5. h3 Bh5 6. g4 Bg6 7. Bd3 e6 8. h4 h5 9. g5 Nfd7 10. Bf4 d5 11. Qe2 dxe4 12. Bxe4 Bxe4 13. Qxe4 g6 14.
d5 cxd5 15. Nxd5 Qa5+ 16. Nc3 Nc6 17. O-O-O O-O-O 18. Nd4 Nxd4 19. Rxd4 Bc5 20. Ra4 Qb6 21. Rc4 f5 22. gxf6 Nxf6 23. Qe3 Nd7 24. Na4 Qc6 25. Rxc5 Nxc5 26. Qxc5 Qxc5 27. Nxc5 Rhe8 28. Bg5 Rd5 29. Ne4 Rf8 30. f4 e5 31. Nc3 Rc5 32. Be7 Rxc3 33.
bxc3 Rxf4 34. Re1 e4 35. Bg5 Rg4 36. Kd2 Kd7 37. Ke3 Rg3+ 38. Kd4 Rg2 39. Rxe4 Rxc2 40.
Re7+ Kc6 41. a4 Ra2 42. Re6+ Kd7 43. Rxg6 Rxa4+ 44. c4 b5 45. Kd5 bxc4 46. Rd6+ Kc7 47. Rc6+ Kb7 48. Rxc4 Rxc4 49. Kxc4 Kc6 50. Kb4 Kd5 51.
Ka5 Ke6 52. Ka6 Kf7 53. Kxa7 Kg6 54. Kb6 Kf5 55. Kc5 Kg6 56. Kd4 Kf5 57. Kd5 Kg6 58. Ke5 Kf7 59. Kf5 Kg7 60. Ke6 Kg6 61. Bf6 Kh6 62.
Kf5 Kh7 63. Kg5 1-0

[Event "*** Titled Tuesday Blitz"]
[Site "Chess.com"]
[Date "2021.04.20"]
[Round "3"]
[White "MaevskiyNikolay"]
[Black "PawnEatingZombie"]
[Result "0-1"]
[WhiteElo "2463"]
[BlackElo "2197"]
[TimeControl "180+1"]
[EndTime "10:27:57 PDT"]
[Termination "PawnEatingZombie won by checkmate"]

1. Nf3 d5 2. c4 e6 3. g3 dxc4 4. Qa4+ Nd7 5. Qxc4 a6 6. Qc2 b5 7. Bg2 Bb7 8. a4 c5 9. d3 Ngf6 10. O-O Be7 11. Rd1 Rc8 12. e4 O-O 13. Nbd2 Qb6 14.
b3 Rfd8 15. Bb2 h6 16. h3 Nb8 17. Ne5 Nc6 18. Nxc6 Bxc6 19. Nf3 Ne8 20. Rdc1 Bb7 21. Rab1 Bf6 22. Ba3 Be7 23. Kh2 Kf8 24. Rd1 Nf6 25. Rbc1 c4 26. Bxe7+ Kxe7 27. bxc4 bxc4 28. e5 Nd5 29. dxc4 Nb4 30. Qb3 a5 31. Rxd8 Rxd8 32. c5 Qa6 33. Re1 Rd3 34. Bf1 Rxb3 35. Bxa6 Bxa6 36.
Nd4 Rd3 37. Nb5 Bb7 38. Nd6 Bd5 39. Re2 Ra3 40. g4 Rxa4 41. Kg3 Ra2 42. Re1 Nd3 43. Rb1 Nxc5 44. Rc1 Ne4+ 45. Nxe4 Bxe4 46. Rc7+ Ke8 47. Kf4 Bd5 48. Ke3 a4 49. f4 a3 50. Kd4 Rb2 51.
Ra7 a2 52. Kc5 Rc2+ 53. Kd6 Rc6# 0-1

[Event "*** Titled Tuesday Blitz"]
[Site "Chess.com"]
[Date "2021.04.20"]
[Round "3"]
[White "AlexTriapishko"]
[Black "Nf3c5"]
[Result "1-0"]
[WhiteElo "2896"]
[BlackElo "2639"]
[TimeControl "180+1"]
[EndTime "10:27:59 PDT"]
[Termination "AlexTriapishko won by resignation"]

1. e4 c6 2. Nf3 d5 3. d3 g6 4.
Nbd2 Bg7 5. g3 e5 6. Bg2 Ne7 7. O-O O-O 8. Re1 d4 9. Nc4 Qc7 10. b4 Be6 11. a4 h6 12. Ba3 Nd7 13. b5 c5 14. Nfd2 Nb6 15. Bc1 Nxc4 16. Nxc4 Nc8 17. f4 Bxc4 18. dxc4 Nd6 19. Qd3 Rae8 20. fxe5 Rxe5 21.
Bf4 Re7 22. e5 Nf5 23. e6 Qd8 24. exf7+ Kh7 25. Bd5 Ne3 26. Bxe3 dxe3 27. c3 Rfxf7 28. Rxe3 Rxe3 29. Qxe3 Re7 30. Qf3 Qd7 31. Rf1 h5 32. a5 b6 33. a6 Qd6 34. Kg2 Qe5 35. Rf2 Qe1 36. h4 Bxc3 37. Qf8 Bg7 38. Qg8+ Kh6 39.
Qb8 Be5 40. Qf8+ Bg7 41. Qf4+ Kh7 42. Qf3 Bd4 43. Rf1 Qd2+ 44. Kh3 Qh6 45. Qf8 Qe3 46. Bg8+ Kh8 47. Bf7+ Kh7 48. Qg8+ 1-0

[Event "*** Titled Tuesday Blitz"]
[Site "Chess.com"]
[Date "2021.04.20"]
[Round "3"]
[White "slowdgehammer"]
[Black "Ze-Pequeno"]
[Result "0-1"]
[WhiteElo "2441"]
[BlackElo "2244"]
[TimeControl "180+1"]
[EndTime "10:28:00 PDT"]
[Termination "Ze-Pequeno won on time"]

1. e4 e5 2. Nf3 Nc6 3. Bb5 a6 4. Ba4 Nf6 5. d3 b5 6. Bb3 Be7 7. a3 O-O 8. Nc3 d6 9. Nd5 Nxd5 10. Bxd5 Bb7 11. O-O Na5 12. Bxb7 Nxb7 13. b4 Qd7 14.
c4 Nd8 15. Qc2 Ne6 16. Be3 c6 17. Rfc1 Rfc8 18. Qb3 h6 19. h3 Bf6 20. Rc2 a5 21. Rac1 axb4 22. axb4 Rcb8 23. c5 dxc5 24. Bxc5 Ra6 25.
Be3 Rba8 26. Rc3 Kh7 27. Qc2 Ra2 28. Qb1 R2a6 29. Rb3 g6 30. Rbc3 Kg7 31. Qb3 Qd6 32. Bc5 Qd7 33. Qd1 Ra2 34. Qe1 R8a6 35. Qe3 R2a3 36.
g3 Ra2 37. h4 Nd4 38. Kg2 Re2 39.
Qxe2 Nxe2 40. R3c2 Nxc1 41. Rxc1 Qxd3 42. Be3 Qxe4 43.
Re1 Qxb4 44. Bd2 Qb2 45. Re2 Qb3 46. Re3 Qd5 0-1

[Event "*** Titled Tuesday Blitz"]
[Site "Chess.com"]
[Date "2021.04.20"]
[Round "3"]
[White "BahadirOzen"]
[Black "AlhosaniOmran1"]
[Result "1-0"]
[WhiteElo "2702"]
[BlackElo "2513"]
[TimeControl "180+1"]
[EndTime "10:28:02 PDT"]
[Termination "BahadirOzen won by resignation"]

1. g3 Nf6 2. Bg2 g6 3. e4 d6 4. d4 Bg7 5. Ne2 O-O 6. O-O e5 7. h3 Nc6 8. Nbc3 Re8 9. Be3 exd4 10.
Nxd4 Nxd4 11. Bxd4 Be6 12. Qd2 Qd7 13. Kh2 Rad8 14. Rad1 b5 15. Qg5 h6 16. Qxb5 Qxb5 17.
Nxb5 Bc4 18. Nxc7 Bxf1 19. Nxe8 Rxe8 20. Rxf1 Ng4+ 21. hxg4 Bxd4 22. c3 Bc5 23. Bf3 Rb8 24.
b4 Bb6 25. Be2 Rc8 26. c4 Bd4 27. Kg2 Bc3 28. Rb1 Rb8 29. Rb3 Bd2 30. b5 Kg7 31. Ra3 Rb7 32. f4 Bb4 33. Ra6 Bc5 34. Rc6 Re7 35.
Bd3 Bb4 36. Kf3 Ba3 37. Ke2 Bb4 38. a4 f6 39. a5 f5 40. gxf5 gxf5 41. Kf3 fxe4+ 42.
Bxe4 Bxa5 43. Rxd6 Rc7 44. Rg6+ Kf7 45. Rxh6 Ke7 46.
Rh7+ Kd6 47. Rxc7 Bxc7 48. Bd5 Kc5 49. Bf7 Kd4 50. g4 Kc5 51. Ke4 Kd6 52. g5 Bb6 53. Bd5 Bd8 54. Kf5 Ke7 55. Kg6 Kf8 56. f5 1-0

[Event "*** Titled Tuesday Blitz"]
[Site "Chess.com"]
[Date "2021.04.20"]
[Round "3"]
[White "KeithArkell"]
[Black "MrChampion_Coach"]
[Result "0-1"]
[WhiteElo "2590"]
[BlackElo "2417"]
[TimeControl "180+1"]
[EndTime "10:28:02 PDT"]
[Termination "MrChampion_Coach won on time"]

1. d4 c6 2. Nf3 d5 3. c4 e6 4. Bg5 Qb6 5. Nbd2 Qxb2 6. Rc1 Bb4 7. e3 f6 8. Bh4 Ne7 9. Bg3 O-O 10. Bd3 Qa3 11. Qc2 Na6 12. Bxh7+ Kh8 13. O-O Bxd2 14. Nxd2 Nb4 15. Qb1 Nxa2 16. Rc2 Nc3 17. Rxc3 Qxc3 18. Nf3 Nf5 19. Bxf5 exf5 20. Rc1 Qa3 21. Nh4 Re8 22. Ng6+ Kh7 23. Nf4 Bd7 24. h4 dxc4 25. Rxc4 b6 26. Rc2 Qe7 27. h5 Qe4 28. Qc1 Rac8 29. Rc3 c5 30. dxc5 bxc5 31. Rxc5 Rxc5 32.
Qxc5 Qb7 33. Nd5 Bc6 34. Nf4 Qd7 35. Kh2 Rc8 36. Qa5 Ba8 37. Qa1 Qb7 38. f3 Rc2 39. h6 Kxh6 40. Qa3 Rc8 41. Qd6 Qc7 42. Qe6 Qc6 43. Qf7 Qe8 0-1

[Event "*** Titled Tuesday Blitz"]
[Site "Chess.com"]
[Date "2021.04.20"]
[Round "3"]
[White "RenarddesSurfaces"]
[Black "Steegersee"]
[Result "1-0"]
[WhiteElo "2442"]
[BlackElo "2211"]
[TimeControl "180+1"]
[EndTime "10:28:02 PDT"]
[Termination "RenarddesSurfaces won by checkmate"]

1. d4 d5 2. Nf3 Nf6 3. c4 c6 4.
Nc3 dxc4 5. e3 b5 6. a4 b4 7. Nb1 Ba6 8. Nbd2 c3 9. bxc3 bxc3 10. Nb1 Bxf1 11. Kxf1 e6 12. Nxc3 Bb4 13. Qb3 a5 14. g3 Nbd7 15. Kg2 O-O 16. Ba3 c5 17. Rhd1 Rb8 18. Qc2 Bxa3 19. Rxa3 Qe7 20. Nb5 Rfc8 21. Qa2 c4 22. Rc1 Nb6 23. Ne5 Ne4 24. Nc3 Nd6 25. Qe2 f6 26. Nf3 Nd5 27. e4 Nb4 28. e5 Nf5 29. Nb5 Nd3 30. Rxd3 cxd3 31. Rxc8+ Rxc8 32.
Qxd3 Qb4 33. exf6 gxf6 34. d5 Ng7 35. dxe6 Re8 36. Nc7 Rc8 37. Qd7 Qb7 38. Nd5 Qxd7 39. exd7 Rd8 40. Nd4 Kf7 41. Nb6 Ne6 42. Nc6 Rb8 43.
Nxb8 Ke7 44. Nc6+ Kd6 45. d8=Q+ Nxd8 46. Nxd8 Kc7 47. Nc4 Kxd8 48. Nxa5 Kd7 49. Nb3 Kc6 50. a5 Kb7 51. Kf3 Ka6 52. Kf4 Kb5 53. h4 Ka6 54. h5 h6 55. Kf5 Kb5 56. Kxf6 Ka6 57. Kg6 Kb5 58. Kxh6 Kc4 59. a6 Kxb3 60. a7 Kc2 61.
a8=Q Kd3 62. Qf3+ Kd2 63. g4 Kc2 64. g5 Kd2 65. g6 Kc1 66. g7 Kc2 67. g8=Q Kd2 68.
Qe6 Kc1 69. Qee2 Kb1 70. Qh1# 1-0

[Event "*** Titled Tuesday Blitz"]
[Site "Chess.com"]
[Date "2021.04.20"]
[Round "3"]
[White "AshotParvanyan"]
[Black "VMikhalevski"]
[Result "1-0"]
[WhiteElo "2527"]
[BlackElo "2700"]
[TimeControl "180+1"]
[EndTime "10:28:04 PDT"]
[Termination "AshotParvanyan won on time"]

1. Nf3 Nf6 2. c4 g6 3. Nc3 d5 4.
cxd5 Nxd5 5. h4 Nc6 6. h5 Bg7 7. e4 Nxc3 8. dxc3 Qxd1+ 9. Kxd1 Bg4 10. h6 Bf6 11. Kc2 O-O-O 12. Be3 a6 13. Bc4 Bxf3 14. gxf3 Ne5 15. Be2 g5 16. Rag1 Rhg8 17. Rh5 Ng6 18. Bc4 e6 19. Rhh1 Nf4 20. Bxf4 gxf4 21. e5 Bxe5 22. Bd3 Rh8 23. Rh5 Bf6 24. Rg4 e5 25. Bc4 Rdf8 26. Rf5 Be7 27. Rxe5 Bd6 28. Rf5 f6 29.
Rg7 Be5 30. Be6+ Kb8 31. Rh5 Re8 32. Bf5 Bd6 33. Rxh7 Re2+ 34. Kd3 Rhe8 35. Be4 Rxb2 36. Rf7 Rd8 37. h7 Be5+ 38. Kc4 b5+ 39. Kc5 Bd6+ 40. Kd5 Bb4+ 41. Ke6 Rd6+ 42. Kf5 Bxc3 43. h8=Q+ Ka7 44. Rf8 Kb6 45. Rb8+ Ka5 46. Ra8 1-0

[Event "*** Titled Tuesday Blitz"]
[Site "Chess.com"]
[Date "2021.04.20"]
[Round "3"]
[White "lamomiablanca"]
[Black "Cptn2"]
[Result "0-1"]
[WhiteElo "2405"]
[BlackElo "2608"]
[TimeControl "180+1"]
[EndTime "10:28:04 PDT"]
[Termination "Cptn2 won by resignation"]

1. e4 c5 2. d3 Nc6 3. g3 g6 4. Bg2 Bg7 5. f4 e6 6. Nf3 d5 7. O-O Nge7 8. c3 O-O 9. e5 f6 10. exf6 Bxf6 11. Re1 b5 12. Ne5 Nxe5 13. fxe5 Bg7 14.
Bg5 Qc7 15. Nd2 Nc6 16. Bf4 Bxe5 17. Bxe5 Nxe5 18. Qe2 Nc6 19. Nf3 Bd7 20. d4 c4 21.
Qd2 Rf6 22. Re3 Raf8 23. Rae1 a5 24. Ng5 Qd6 25. Bh3 Nd8 26. Qe2 Re8 27. Nf3 b4 28. Ne5 Bc8 29. Rf3 Rxf3 30. Qxf3 Rf8 31. Qe3 a4 32. Qe2 bxc3 33. bxc3 Qa3 34. Qe3 Qb2 35.
Ng4 h5 36. Ne5 Qc2 37. Bg2 Kg7 38. Re2 Qf5 39. Rf2 Qxf2+ 40. Qxf2 Rxf2 41. Kxf2 a3 42. Ke3 Kf6 43. Kd2 Ba6 44. Kc2 Bb5 45. Bh3 Ba4+ 46.
Kd2 g5 47. Bg2 Be8 48. Bf3 Bg6 49. Be2 g4 50. Bf1 Be4 51. Be2 Nf7 52. Nd7+ Ke7 53. Nc5 Bf3 54. Bxf3 gxf3 55. Ke3 Ng5 56. h4 Ne4 57. Na4 f2 58. Ke2 Kf6 59. Kf1 Kf5 60. Kg2 Kg4 61. Nc5 Nxc3 62. Kxf2 Nxa2 63. Nxe6 Nb4 64.
Ng5 a2 65. Nf3 a1=Q 0-1

[Event "*** Titled Tuesday Blitz"]
[Site "Chess.com"]
[Date "2021.04.20"]
[Round "3"]
[White "HrvojeZagreb"]
[Black "Problematique_99"]
[Result "1-0"]
[WhiteElo "2278"]
[BlackElo "2494"]
[TimeControl "180+1"]
[EndTime "10:28:04 PDT"]
[Termination "HrvojeZagreb won by resignation"]

1. d4 Nf6 2. Bf4 c5 3. e3 d5 4.
Nc3 e6 5. Nb5 Na6 6. c3 Be7 7.
a4 O-O 8. h3 Bd7 9. Nf3 c4 10. b3 cxb3 11. Qxb3 Ne4 12. Bd3 Qa5 13. O-O Rfc8 14. Bxe4 dxe4 15. Ne5 Bc6 16. c4 Be8 17. f3 f6 18. Ng4 exf3 19. Rxf3 Qb4 20. Qxb4 Bxb4 21. c5 Bc6 22. Rg3 Kh8 23. Nd6 Rf8 24. e4 b6 25. Nh6 bxc5 26. Ndf7+ Rxf7 27. Nxf7+ Kg8 28. Nh6+ Kf8 29. Bd6+ Ke8 30. Rxg7 cxd4 31. Re7+ Kd8 32. Nf7+ Kc8 33. Bxb4 Nxb4 34. Rb1 a5 35. Nd6+ Kd8 36. Rxh7 e5 37. h4 Ra6 38. h5 Bxa4 39. Nb7+ Ke8 40. Nc5 Bc2 41. Rxb4 axb4 42. Nxa6 b3 43.
Rb7 d3 44. Nc7+ Kd8 45. Nd5 d2 46. Nc3 d1=Q+ 47. Nxd1 Bxd1 48. h6 Bc2 49. h7 1-0

[Event "*** Titled Tuesday Blitz"]
[Site "Chess.com"]
[Date "2021.04.20"]
[Round "3"]
[White "TimKett"]
[Black "JAAC2002"]
[Result "0-1"]
[WhiteElo "2244"]
[BlackElo "2505"]
[TimeControl "180+1"]
[EndTime "10:28:04 PDT"]
[Termination "JAAC2002 won on time"]

1. e4 e6 2. d4 d5 3. Nc3 Bb4 4.
e5 c5 5. a3 Bxc3+ 6. bxc3 Qa5 7. Bd2 Qa4 8. Qg4 g6 9. h4 h5 10. Qf4 Ne7 11. Qf6 Rg8 12. Nf3 Nd7 13. Qf4 Qxc2 14. Ng5 Nf5 15. Rh3 c4 16. g4 hxg4 17.
Qxg4 Nb6 18. h5 gxh5 19. Qxh5 Rg6 20. Qh8+ Kd7 21. Rh7 Rxg5 22. Rxf7+ Kc6 23. Qf8 Kb5 24. Qb4+ Ka6 25. Rb1 Qa4 26. Qxa4+ Nxa4 27. Bxg5 Nxc3 28. Rc1 Ne4 29. Be3 b6 30. Rf8 Bb7 31. Rxa8 Bxa8 32. Bh3 Bc6 33. Bxf5 exf5 34. f3 Ng3 35. Kf2 Nh5 36.
Rh1 Ng7 37. Rh7 Ne6 38. Re7 Nd8 39. e6 Kb5 40. Bg5 a5 41. Bf4 c3 42. Ke2 Kc4 43. Bc7 c2 44. Kd2 Kb3 45. Kc1 Nb7 0-1

[Event "*** Titled Tuesday Blitz"]
[Site "Chess.com"]
[Date "2021.04.20"]
[Round "3"]
[White "MustafayevFarid2004"]
[Black "crescentmoon2411"]
[Result "0-1"]
[WhiteElo "2458"]
[BlackElo "2822"]
[TimeControl "180+1"]
[EndTime "10:28:05 PDT"]
[Termination "crescentmoon2411 won by resignation"]

1. d4 Nf6 2. c4 c5 3. Nf3 cxd4 4.
Nxd4 Nc6 5. Nc3 e6 6. g3 Bc5 7. Nb3 Bb4 8. Bd2 Ne5 9. a3 Bxc3 10. Bxc3 Nxc4 11. e4 Nb6 12. Bb4 Nxe4 13. Qg4 d5 14. f3 Qg5 15. Qxg5 Nxg5 16. Bg2 e5 17. Rc1 Bd7 18. Na5 Rc8 19. Kf2 Bc6 20. Rhe1 f6 21.
f4 Ne4+ 22. Bxe4 dxe4 23. Nxc6 Rxc6 24. Rxc6 bxc6 25. fxe5 f5 26. e6 Nd5 27. Rc1 Nxb4 28. axb4 Ke7 29. Rxc6 Rb8 30. Rc7+ Kxe6 31. Rxg7 Rxb4 32.
Rxh7 Rxb2+ 33. Ke3 a5 34. Kd4 Rb4+ 35. Ke3 Rb3+ 36.
Ke2 a4 37. Rh6+ Ke5 38. Ra6 a3 39. Ra5+ Kd4 40. Ra4+ Kc3 41. h4 Kb2 42. Kf2 a2 43. h5 Ra3 44. Rb4+ Kc3 0-1

[Event "*** Titled Tuesday Blitz"]
[Site "Chess.com"]
[Date "2021.04.20"]
[Round "3"]
[White "Szparu"]
[Black "Sibelephant"]
[Result "0-1"]
[WhiteElo "2680"]
[BlackElo "3101"]
[TimeControl "180+1"]
[EndTime "10:28:08 PDT"]
[Termination "Sibelephant won by resignation"]

1. e4 g6 2. d4 Bg7 3. Nf3 d6 4. Bc4 e6 5. Bb3 b6 6. O-O Bb7 7. Re1 Nd7 8. Nbd2 Ne7 9. Nf1 h6 10. Ng3 Nf6 11. h3 O-O 12. c3 c5 13. Bf4 cxd4 14. cxd4 Rc8 15. Bc2 Qd7 16. Bd3 g5 17. Bd2 Ng6 18. Rc1 Rxc1 19. Qxc1 Rc8 20. Qb1 g4 21. hxg4 Nxg4 22. Rc1 Rxc1+ 23. Qxc1 Qc8 24.
Bc3 Ba6 25. Bb1 Nf6 26. Qd2 Qc4 27. b3 Qc7 28. a4 h5 29. Bb2 h4 30. Nf1 Nh5 31. Bd3 Bxd3 32. Qxd3 Nhf4 33. Qd2 Bh6 34. Qd1 Qc6 35. Qb1 b5 36. d5 exd5 37. Nd4 Qd7 38. Nf5 Bg5 39. exd5 bxa4 40. N1e3 axb3 41. Ng4 Nxd5 42. Qe4 Qe6 43. Ngh6+ Bxh6 44. Nxh6+ Kh7 45. Qxe6 fxe6 46. Nf7 Nb6 47. Ng5+ Kg8 48. Nxe6 Nc4 49. Bc3 b2 0-1

[Event "*** Titled Tuesday Blitz"]
[Site "Chess.com"]
[Date "2021.04.20"]
[Round "3"]
[White "Gennady_Kozlov"]
[Black "AlexSuv"]
[Result "0-1"]
[WhiteElo "2372"]
[BlackElo "2585"]
[TimeControl "180+1"]
[EndTime "10:28:08 PDT"]
[Termination "AlexSuv won on time"]

1. b3 e5 2. Bb2 d6 3. e3 Nd7 4. f4 g6 5. Nf3 Bg7 6. Bc4 Ngf6 7. O-O exf4 8. exf4 O-O 9. Nc3 c6 10. Bd3 Nc5 11. Be2 Bg4 12. Rb1 Re8 13. h3 Bxf3 14. Bxf3 Ne6 15. g3 h5 16. Ne4 Nxe4 17. Bxe4 Bxb2 18.
Rxb2 h4 19. Qg4 Qf6 20. c3 Ng7 21. Bb1 hxg3 22. d4 Re3 23. f5 g5 24. c4 c5 25. Rd2 Rae8 26. dxc5 dxc5 27. Rg2 Qd4 28. Qxd4 cxd4 29. Rd2 Nh5 30. h4 gxh4 31. Rxd4 h3 32.
Rg4+ Kf8 33. Rh4 Nf6 34. Rxh3 Rd8 35. Rh8+ Ke7 36. Rxd8 Kxd8 37. Kg2 Ke7 38. Rf3 Rxf3 39. Kxf3 Nh5 40. Be4 b6 41. Kg4 Nf6+ 42. Kxg3 Nxe4+ 43. Kf4 Nc3 44. a4 Kd6 45. Kg5 Ke5 46. f6 Ne4+ 0-1

[Event "*** Titled Tuesday Blitz"]
[Site "Chess.com"]
[Date "2021.04.20"]
[Round "3"]
[White "atwalcb"]
[Black "AlphaHero0"]
[Result "0-1"]
[WhiteElo "2459"]
[BlackElo "2108"]
[TimeControl "180+1"]
[EndTime "10:28:08 PDT"]
[Termination "AlphaHero0 won by checkmate"]

1. d4 Nc6 2. Nf3 d6 3. e4 Nf6 4.
Nc3 g6 5. Bg5 Bg7 6. Be2 h6 7. Bf4 Nh5 8. Be3 e5 9. dxe5 dxe5 10.
Qxd8+ Nxd8 11. O-O-O c6 12. Bc5 Nf4 13. Bf1 b6 14.
Bd6 Bg4 15. Ne2 Bxf3 16. gxf3 Nde6 17. Nxf4 Nxf4 18. Bc4 Rd8 19. Rd2 h5 20. Rhd1 Bh6 21. Kb1 f6 22. a4 Rh7 23. b4 Rhd7 24. Ka2 Bf8 25. b5 c5 26. Bd5 Rxd6 27. Bc6+ Kf7 28. Rxd6 Rxd6 29. Rxd6 Bxd6 30. Kb3 h4 31. Kc4 Ke6 32.
Be8 f5 33. c3 Kf6 34. Bd7 Bf8 35. Bc8 h3 36. Bd7 Bh6 37. Bc8 Bg5 38. Bd7 Bh4 39.
Bc8 Bxf2 40. Bd7 Be1 41. Bc8 Bf2 42. Bd7 Bg1 43. exf5 gxf5 44. a5 Bxh2 45. a6 Bg1 46.
Bc6 h2 47. Bd5 h1=Q 48. Be4 Qg2 49. Bd3 Nxd3 50. Kb3 c4+ 51. Ka4 Nb2+ 52. Kb4 Bc5# 0-1

[Event "*** Titled Tuesday Blitz"]
[Site "Chess.com"]
[Date "2021.04.20"]
[Round "3"]
[White "ckgchess"]
[Black "Leo_C"]
[Result "1/2-1/2"]
[WhiteElo "2690"]
[BlackElo "2429"]
[TimeControl "180+1"]
[EndTime "10:28:09 PDT"]
[Termination "Game drawn by repetition"]

1. e4 c6 2. d4 d5 3. e5 c5 4. dxc5 e6 5. a3 Bxc5 6. Qg4 Ne7 7. Nf3 Qb6 8. Bd3 Bxf2+ 9. Ke2 Nbc6 10. Rf1 Nd4+ 11.
Nxd4 Qxd4 12. Qf3 Qxe5+ 13. Kxf2 O-O 14. Kg1 b6 15. Nc3 Bb7 16. Bf4 Qd4+ 17. Kh1 e5 18.
Be3 Qh4 19. Bf2 Qh6 20. Be3 Qh4 21. Qf2 Qh5 22. Be2 Qg6 23. Bd3 Qh5 24. Ne2 d4 25. Bc1 e4 26. Bc4 e3 27. Qg3 Rac8 28. Nf4 Qe5 29.
Bd3 Be4 30. b4 Bxd3 31. cxd3 Rc2 32. a4 Nf5 33. Qe1 e2 34. Rf2 Re8 35. b5 Ne3 36. Nxe2 Ng4 37. Rf1 Rxe2 38. Qg3 Qxg3 39. hxg3 Ne3 40.
Rg1 Nc2 41. Rb1 Ne3 42. Kh2 Ng4+ 43. Kh3 h5 44. Bg5 Nf2+ 45. Kh2 Ng4+ 46. Kh3 Nf2+ 47. Kh2 Ng4+ 48. Kh3 1/2-1/2

[Event "*** Titled Tuesday Blitz"]
[Site "Chess.com"]
[Date "2021.04.20"]
[Round "3"]
[White "AsaHoffmann"]
[Black "moro182"]
[Result "0-1"]
[WhiteElo "2335"]
[BlackElo "2696"]
[TimeControl "180+1"]
[EndTime "10:28:09 PDT"]
[Termination "moro182 won on time"]

1. d4 g6 2. e4 Bg7 3. Be3 d6 4. Qd2 Nf6 5. f3 O-O 6. Nc3 e5 7. Nge2 exd4 8. Nxd4 d5 9. e5 Ne8 10. Nde2 Bxe5 11. Qxd5 Qxd5 12. Nxd5 Be6 13. O-O-O c6 14. Ndc3 Nc7 15. Nd4 Bd5 16. Nxd5 Nxd5 17. Bf2 Nd7 18. Bc4 N7b6 19. Bb3 Rfe8 20. g3 Rad8 21. c4 Nc7 22.
Nc2 Ne6 23. Rhe1 Bf6 24. c5 Nd5 25. Bxd5 cxd5 26. b4 a5 27. a3 axb4 28. axb4 Kg7 29. Kd2 Ra8 30. Kd3 Ra2 31. Rd2 Rb2 32. f4 Rb3+ 33. Ke2 Nxc5+ 34. Kf1 Rxe1+ 35. Nxe1 Ne4 36. Rxd5 Nxf2 37. Kxf2 Rxb4 38. Nf3 Rb2+ 39. Kg1 b5 40.
g4 b4 41. g5 Bc3 42. Rb5 b3 43. Ne5 Bxe5 44. fxe5 Kf8 45. Rb7 Ke8 46. h4 Kd8 47. Kh1 Kc8 48. Rb4 Kd7 49. Kg1 Ke6 50. Rb7 Kxe5 51. Rxf7 Rc2 52. Rb7 b2 0-1